 Dungeon Crawl Stone Soup version 0.30-a0-4-ga7cffc901d (webtiles) character file.

Game seed: 3941290129207715544

606 motu the Vexing (level 7, -11/32 HPs)
             Began as a Spriggan Enchanter on Aug 21, 2022.
             Was an Initiate of Dithmenos.
             Mangled by a gargoyle
             ... wielding a +2 mace of protection
              (22 damage)
             ... on level 5 of the Dungeon.
             The game lasted 00:08:07 (5111 turns).

motu the Vexing (Spriggan Enchanter)                Turns: 5111, Time: 00:08:07

Health: -11/32     AC:  2    Str:  6    XL:     7   Next: 19%
Magic:  15/17      EV: 17    Int: 23    God:    Dithmenos [......]
Gold:   196        SH:  0    Dex: 15    Spells: 11/19 levels left

rFire   . . .      SeeInvis +    a - +1 dagger
rCold   . . .      Faith    .    (no shield)
rNeg    . . .      Spirit   .    b - +0 robe
rPois   .          Reflect  .    (helmet restricted)
rElec   .          Harm     .    (no cloak)
rCorr   .          Rampage  .    (gloves unavailable)
Will    +....                    (boots unavailable)
Stlth   +++.......               (no amulet)
HPRegen 0.10/turn                e - +6 ring of intelligence
MPRegen 0.15/turn                (no ring)

@: very quick
A: very small, no large weapons, unfitting armour, see invisible, speed 3
a: Renounce Religion


You were on level 5 of the Dungeon.
You worshipped Dithmenos.
Dithmenos was noncommittal.
You visited 1 branch of the dungeon, and saw 5 of its levels.

You collected 196 gold pieces.

Inventory:

Hand Weapons
 a - a +1 dagger (weapon)
Missiles
 d - 4 atropa-tipped darts (quivered)
Armour
 b - a +0 robe (worn)
Jewellery
 e - a +6 ring of intelligence (left hand)
Wands
 f - a wand of polymorph (8)
Scrolls
 i - 2 scrolls of teleportation
 p - a scroll of summoning
Potions
 c - a potion of invisibility
 g - 2 potions of brilliance
 h - a potion of lignification
 j - a potion of haste
 l - a potion of flight {unknown}
 m - a potion of cancellation {unknown}
 n - a potion of magic {unknown}
 o - 2 potions of heal wounds {unknown}


   Skills:
 - Level 1.1 Short Blades
 - Level 2.6 Dodging
 + Level 6.3 Stealth
 + Level 6.6 Spellcasting
 + Level 7.1 Hexes


You had 11 spell levels left.
You knew the following spells:

 Your Spells              Type           Power      Damage    Failure   Level
a - Ensorcelled Hibernat  Hex/Ice        46%        N/A       2%          2
b - Tukima's Dance        Hex            40%        N/A       1%          3
d - Confusing Touch       Hex            40%        N/A       1%          3

Your spell library contained the following spells:

 Spells                   Type           Power      Damage    Failure   Level
 Dazzling Flash           Conj/Hex       46%        N/A       5%          3
 Necrotise                Necr           28%        1d5       9%          1
 Sublimation of Blood     Necr           7%         N/A       12%         2
 Wereblood                Tmut           7%         N/A       12%         2
 Vampiric Draining        Necr           7%         2d6       24%         3
 Agony                    Necr           7%         N/A       92%         5
 Summon Hydra             Summ           3%         N/A       100%        7
 Chain Lightning          Conj/Air       3%         3d4       100%        9
 Fire Storm               Conj/Fire      3%         8d1       100%        9
 Shatter                  Erth           3%         3d7*      100%        9


Dungeon Overview and Level Annotations

Branches:
Dungeon (5/15)
 Temple: D:4-7

Altars:
Dithmenos

Shops:
D:4 (

Annotations:
D:3 3 runed translucent doors, Descartes's ghost, amateur MeCK
D:4 1 runed translucent door, lis82's ghost, amateur DgAE


Innate Abilities, Weirdness & Mutations

You are very small and have problems with some larger weapons.
You are too small for most types of armour.
You have supernaturally acute eyesight. (SInv)
You cover ground extremely quickly. (Speed+++)


Message History

Okay, then.
Unknown command.
Okay, then.
Unknown command.
It was a potion of ambrosia.
You are confused.
You feel invigorated.
You flicker back into view.
You bump into the rock wall.
You are too confused!
You're too confused to cast spells.
Okay, then.
You feel less invigorated.
You feel less confused.
The gargoyle seems less confused.
Casting: Confusing Touch (safe; 1% risk of failure)
Confirm with . or Enter, or press ? or * to list all spells.
Your hands begin to glow red.
The gargoyle barely misses you.
You hit the gargoyle but do no damage.
The gargoyle is severely damaged.
The gargoyle hits you with a +2 mace of protection!!
Ouch! That really hurt!
You are too injured to fight recklessly!
You are too injured to fight recklessly!
You are too injured to fight recklessly!
You are too injured to fight recklessly!
Unknown command.
Unknown command.
You hit the gargoyle but do no damage.
You punch the gargoyle, but do no damage.
The gargoyle is severely damaged.
The gargoyle barely misses you.
You hit the gargoyle but do no damage.
The gargoyle appears confused.
The gargoyle is severely damaged.
You hit the gargoyle but do no damage.
The gargoyle is severely damaged.
The gargoyle hits you with a +2 mace of protection!!
Ouch! That really hurt!
You die...

l. ... #....# ## ...##...
##...# #.##
....##.####...######...##
....#....#......##......##
.......##...............<#
.......#...........†.....#
..........................
................9......##.
##.##....#......@......##.
#....##......#.........
##..###......#...#.....
#..##.##...............
#........#...).#.........
...#.........##.#..#......
...##....#...#<...##.....#
## #....###..#...#....###
......##........####


You could see a gargoyle (confused).

Vanquished Creatures
  Sigmund (D:3)
  A black bear (D:5)
  3 scorpions (D:5)
  2 hounds
  3 gnolls (D:2)
  5 adders
  4 dart slugs
  2 ball pythons (D:1)
  4 endoplasms
  3 giant cockroaches
  4 goblins
  6 hobgoblins
  4 jackals (D:1)
  3 kobolds
  4 quokkas
  A bat (D:2)
  3 frilled lizards
  3 rats
56 creatures vanquished.

Vanquished Creatures (collateral kills)
  A gnoll (D:2)
1 creature vanquished.

Grand Total: 57 creatures vanquished

Notes
Turn   | Place    | Note
-------+----------+-------------------------------------------
     0 | D:1      | motu the Spriggan Enchanter began the quest for the Orb.
     0 | D:1      | Reached XP level 1. HP: 9/9 MP: 5/5
   687 | D:2      | Reached skill level 4 in Hexes
   687 | D:2      | Reached XP level 2. HP: 4/13 MP: 7/7
   690 | D:2      | Learned a level 2 spell: Ensorcelled Hibernation
  1272 | D:2      | Reached XP level 3. HP: 16/16 MP: 6/9
  1276 | D:2      | Learned a level 3 spell: Tukima's Dance
  1280 | D:2      | Learned a level 3 spell: Confusing Touch
  2895 | D:2      | Reached XP level 4. HP: 21/21 MP: 11/11
  3031 | D:2      | Reached skill level 5 in Hexes
  3317 | D:3      | Noticed Sigmund
  3327 | D:3      | Killed Sigmund
  3328 | D:3      | Reached skill level 5 in Spellcasting
  3328 | D:3      | Reached skill level 6 in Hexes
  3328 | D:3      | Reached XP level 5. HP: 24/24 MP: 7/14
  3423 | D:3      | Found a faded altar of an unknown god.
  3437 | D:3      | Noticed Descartes's ghost (amateur MeCK)
  3440 | D:3      | Noticed a phantom
  3441 | D:3      | Found a runed translucent gate.
  3441 | D:3      | Found a runed translucent gate.
  3442 | D:3      | Found a runed translucent gate.
  4206 | D:4      | Found a shadowy altar of Dithmenos.
  4211 | D:4      | Became a worshipper of Dithmenos the Shadowed
  4241 | D:4      | Reached XP level 6. HP: 25/28 MP: 15/15
  4368 | D:4      | Found Gaontyfa's Weapon Shoppe.
  4496 | D:4      | Found a runed translucent door.
  4514 | D:4      | Noticed lis82's ghost (amateur DgAE)
  4740 | D:5      | Entered Level 5 of the Dungeon
  4759 | D:5      | Reached skill level 5 in Stealth
  5038 | D:5      | Reached skill level 7 in Hexes
  5038 | D:5      | Reached XP level 7. HP: 32/32 MP: 17/17
  5072 | D:5      | Noticed a gargoyle
  5111 | D:5      | Mangled by a gargoyle

Illustrated notes

Levels and vault maps discovered:
D:1:      dpeg_arrival_shelter, layout_basic, serial_forest,
          infiniplex_forest_clump_tiny, infiniplex_forest_lined_2,
          infiniplex_forest_end_3, infiniplex_forest_clump_curved,
          minmay_indecisive_spiral
D:2:      layout_basic
D:3:      layout_loops_cross, chequers_ecumenical_altar_simple,
          gammafunk_ghost_split, uniq_sigmund
D:4:      layout_loops_ring, lemuel_doored_altar, ebering_ghost_reflecting_pool,
          serial_shops, shop
D:5:      layout_cave_pools, lemuel_round_altar

Skill      XL: |  1  2  3  4  5  6 |
---------------+-------------------+-----
Spellcasting   | 3 4 5 6 |  6.6
Hexes          | 4 6 7 |  7.1
Stealth        | 6 |  6.3
Short Blades   | |  1.1
Dodging        | |  2.6

Action                   |  1- 3 |  4- 6 |  7- 9 || total
-------------------------+-------+-------+-------++-------
Melee: Dagger            |   106 |    50 |    14 ||   170
       Punch             |       |       |     1 ||     1
 Cast: Ensorcelled Hiber |    17 |    14 |     1 ||    32
       Confusing Touch   |       |     2 |     2 ||     4
       Tukima's Dance    |       |     2 |       ||     2
  Use: Scroll            |     4 |     3 |       ||     7
       Potion            |       |       |     2 ||     2
 Stab: Sleeping          |    19 |    18 |     1 ||    38
       Distracted        |     1 |       |       ||     1
       Invisible         |       |       |     1 ||     1
Armor: Robe              |     4 |     4 |       ||     8
Dodge: Dodged            |    51 |    31 |     7 ||    89

Table legend: (Time is in decaauts)
 A = Elapsed time spent in this place.
 B = Non-inter-level travel time spent in this place.
 C = Inter-level travel time spent in this place.
 D = Time resting spent in this place.
 E = Time spent auto-exploring this place.
 F = Levels seen in this place.
 G = Mean time per level.
                   A        B        C        D        E       F      G
               +--------+--------+--------+--------+--------+-----+--------+
         Total |   3971 |   3913 |     58 |    780 |   2531 |   5 |  794.2 |
       Dungeon |   3971 |   3913 |     58 |    780 |   2531 |   5 |  794.2 |
               +--------+--------+--------+--------+--------+-----+--------+

Top non-repeatable levels by time:
     D:2: 1508 daAuts
     D:1: 1150 daAuts
     D:4: 731 daAuts
     D:3: 455 daAuts
     D:5: 125 daAuts
